 Dungeon Crawl Stone Soup version 0.23-a0-629-gae4348f6cf (webtiles) character file.

179 HereIgoKillingAgain the Cleaver (level 5, -1/45 HPs)
             Began as a Hill Orc Monk on Dec 26, 2018.
             Slain by a slave (4 damage)
             ... led by Pikel
             ... on level 4 of the Dungeon.
             The game lasted 00:05:08 (3915 turns).

HereIgoKillingAgain the Cleaver (Hill Orc Monk)     Turns: 3915, Time: 00:05:09

Health: -1/45      AC:  7    Str: 15    XL:     5   Next: 59%
Magic:  5/5        EV: 12    Int: 10    God:
Gold:   220        SH:  0    Dex: 13    Spells: 4/4 levels left

rFire    x . .     SeeInvis .   a - +1 hand axe
rCold    + . .     Gourm    .   (no shield)
rNeg     + . .     Faith    .   g - +3 leather armour {rN+}
rPois    +         Spirit   .   f - +0 helmet
rElec    .         Reflect  .   (no cloak)
rCorr    .         Harm     .   (no gloves)
MR       .....                  (no boots)
Stlth    ++........             q - amulet of the acrobat
HPRegen  0.15/turn              d - ring of poison resistance
MPRegen  0.09/turn              i - ring of ice

@: about to teleport, flying, very slightly contaminated, invisible
A: no striking features
a: no special abilities


You were on level 4 of the Dungeon.
You were not hungry.

You visited 1 branch of the dungeon, and saw 4 of its levels.

You collected 220 gold pieces.

Inventory:

Hand Weapons
 a - a +1 hand axe (weapon)
Armour
 f - a +0 helmet (worn)
 g - a +3 leather armour of positive energy (worn)
Jewellery
 d - a ring of poison resistance (left hand)
 i - a ring of ice (right hand)
 q - an amulet of the acrobat (around neck)
Wands
 j - a wand of flame (17)
Scrolls
 b - 2 scrolls of remove curse
 e - a scroll of blinking
 h - 2 scrolls of teleportation
 k - 3 scrolls of magic mapping
Potions
 n - a potion of magic
 o - 2 potions of brilliance
Comestibles
 c - 12 rations


   Skills:
 - Level 3.6 Fighting
 + Level 8.1 Axes
 - Level 2.4 Dodging
 - Level 1.5 Stealth


You had 4 spell levels left.
You didn't know any spells.
Your spell library was empty.

Dungeon Overview and Level Annotations

Branches:
Dungeon (4/15)
 Temple: D:4-7

Altars:
Ashenzari
Dithmenos
Gozag

Annotations:
D:4 Pikel


Message History

You hit the slave but do no damage. Pikel barely misses you.
The slave closely misses you.
You catch the helpless Pikel completely off-guard!
You hit Pikel but do no damage.
Pikel is lightly wounded.
You catch the helpless slave completely off-guard!
You hit the slave. Pikel misses you.
You hit Pikel.
Pikel is moderately wounded.
Pikel hits you but does no damage.
You barely miss Pikel.
Pikel is moderately wounded.
You hit the slave but do no damage. Pikel barely misses you.
The slave hits you.
* * * LOW HITPOINT WARNING * * *
As you read the scroll of teleportation, it crumbles to dust.
You feel strangely unstable. Pikel closely misses you. The worm bites you.
* * * LOW HITPOINT WARNING * * *
The slave hits you.
You die...

#p. +......รท. #.#
#........ #.#
##....... #.#
##.....# #p#
##...## ##p## ##+##
#.p.### # #.wp..#
.###
#.@K#.########.....
#####.##.........##
#.......(#........#
#.###.##.#.###...##
#.##.#.#.....##
#........#.....
......#......###
#####........###
#######.....


You could see Pikel, 4 slaves and a worm.

Vanquished Creatures
  An orc wizard (D:3)
  5 adders
  A worm (D:2)
  2 dart slugs
  3 leopard geckos
  7 orcs
  6 giant cockroaches
  8 goblins
  7 hobgoblins
  10 jackals
  7 kobolds
  2 quokkas (D:4)
  2 ball pythons (D:2)
  10 bats
  7 frilled lizards
  A jackal skeleton (D:3)
  A leopard gecko skeleton (D:4)
  8 rats
88 creatures vanquished.

Notes
Turn   | Place    | Note
-------+----------+-------------------------------------------
     0 | D:1      | HereIgoKillingAgain the Hill Orc Monk began the quest for
                  | the Orb.
     0 | D:1      | Reached XP level 1. HP: 19/19 MP: 1/1
   268 | D:1      | Reached XP level 2. HP: 22/26 MP: 2/2
   467 | D:1      | Reached skill level 5 in Axes
   799 | D:1      | Reached XP level 3. HP: 27/31 MP: 3/3
  1485 | D:2      | Reached skill level 6 in Axes
  1582 | D:2      | Reached XP level 4. HP: 33/39 MP: 4/4
  1618 | D:2      | Found a shattered altar of Ashenzari.
  2378 | D:3      | Reached skill level 7 in Axes
  2475 | D:3      | Reached XP level 5. HP: 39/45 MP: 5/5
  3267 | D:4      | Found a shadowy altar of Dithmenos.
  3323 | D:4      | Found an opulent altar of Gozag.
  3537 | D:4      | Reached skill level 8 in Axes
  3870 | D:4      | Noticed a slave
  3870 | D:4      | Noticed a slave
  3872 | D:4      | Noticed Pikel
  3872 | D:4      | Noticed a slave
  3882 | D:4      | Noticed a slave
  3915 | D:4      | Slain by a slave

Vault maps used:
D:1:      onia_arrival_pyramid, minmay_indecisive_spiral
D:2:      nicolae_overflow_hidden_temple
D:4:      old_standard_altar, led_sif_book, nicolae_dithmenos_shadow_blocks,
          first_ration, serial_shops, nicolae_shop_crystal,
          kennysheep_generic_room_10, uniq_menkaure, uniq_pikel

Skill      XL: |  1  2  3  4  5 |
---------------+----------------+-----
Axes           | 5 6 7 8 |  8.1
Fighting       | |  3.6
Dodging        | |  2.4
Stealth        | |  1.5

Action                   |  1- 3 |  4- 6 || total
-------------------------+-------+-------++-------
Melee: Hand axe          |   118 |   181 ||   299
Evoke: Wand              |       |     1 ||     1
  Use: Scroll            |     3 |     8 ||    11
       Potion            |       |     4 ||     4
 Stab: Sleeping          |     1 |     2 ||     3
       Invisible         |       |     3 ||     3
  Eat: Chunk             |     2 |     4 ||     6
       Ration            |       |     1 ||     1
Armor: Robe              |    24 |       ||    24
       Leather armour    |     9 |    65 ||    74
Dodge: Dodged            |    98 |   132 ||   230

Table legend:
 A = Non-vault XP
 B = Vault XP
 C = Vault XP percentage of total XP
 D = Non-vault monster count
 E = Vault monster count
 F = Vault count percentage of total count
                 A         B        C        D         E       F
            +---------+---------+-------+---------+---------+-------
      Total |     251 |       6 |   2.3 |      84 |       4 |   4.5
            +---------+---------+-------+---------+---------+-------
        D:1 |      52 |       6 |  10.3 |      31 |       4 |  11.4
        D:2 |      62 |       0 |   0.0 |      21 |       0 |   0.0
        D:3 |     103 |       0 |   0.0 |      22 |       0 |   0.0
        D:4 |      34 |       0 |   0.0 |      10 |       0 |   0.0
            +---------+---------+-------+---------+---------+-------
